 Dungeon Crawl Stone Soup version 0.22-a0-135-g6f012ad (webtiles) character file.

2228 tof the Basher (level 9, -9/79 HPs)
             Began as a Minotaur Fighter on Jan 31, 2018.
             Killed from afar by an electric eel (12 damage)
             ... with a bolt of electricity
             ... on level 6 of the Dungeon.
             The game lasted 00:10:51 (8235 turns).

tof the Basher (Minotaur Fighter)                   Turns: 8235, Time: 00:10:52

Health: -9/79      AC:  6    Str: 22    XL:     9   Next: 14%
Magic:  8/8        EV:  9    Int:  5    God:
Gold:   426        SH: 11    Dex: 12    Spells: 7/8 levels left

rFire    . . .     SeeInvis .   J - +1 flail (protect)
rCold    . . .     Gourm    .   c - +0 shield
rNeg     + . .     Faith    .   h - +0 ring mail (curse)
rPois    .         Spirit   .   (helmet restricted)
rElec    .         Reflect  .   (no cloak)
rCorr    .         Harm     .   (no gloves)
MR       .....                  (no boots)
Stlth    +.........             k - amulet of magic regeneration
HPRegen  0.23/turn              A - ring of positive energy
MPRegen  0.36/turn              (no ring)

@: no status effects
A: retaliatory headbutt, horns 2
a: no special abilities


You were on level 6 of the Dungeon.
You were very hungry.

You visited 1 branch of the dungeon, and saw 6 of its levels.
You also visited: Ossuary.

You collected 426 gold pieces.

Inventory:

Hand Weapons
 J - a +1 flail of protection (weapon)
Missiles
 r - 5 javelins
 E - 7 tomahawks (quivered)
Armour
 b - a +0 scale mail
 c - a +0 shield (worn)
 h - a cursed +0 ring mail (worn)
Jewellery
 k - an amulet of magic regeneration (around neck)
 A - a ring of positive energy (left hand)
 H - a cursed amulet of inaccuracy {unknown}
Wands
 z - a wand of flame (20)
Scrolls
 g - 2 scrolls of enchant armour
 i - 3 scrolls of fog
 m - a scroll of teleportation
 n - 2 scrolls of amnesia
 q - a scroll of random uselessness {unknown}
 x - 2 scrolls of remove curse
 y - a scroll of magic mapping {unknown}
 B - 2 scrolls of identify
 C - a scroll of fear {unknown}
 D - a scroll of enchant weapon {unknown}
 I - a scroll of holy word {unknown}
Potions
 d - 3 potions of might
 e - a potion of brilliance {unknown}
 j - 2 potions of resistance {unknown}
 l - 8 potions of curing
 o - 2 potions of flight {unknown}
 p - a potion of cancellation {unknown}
 s - 3 potions of ambrosia {unknown}
 t - a potion of heal wounds {unknown}
 u - 2 potions of mutation {unknown}
 w - a potion of invisibility {unknown}
Books
 v - a book of Minor Magic

   Spells                             Type                      Level
   a - Magic Dart                     Conjuration                  1
   b - Blink                          Translocation                2
   c - Call Imp                       Summoning                    2
   d - Slow                           Hexes                        2
   e - Conjure Flame                  Conjuration/Fire             3
   f - Mephitic Cloud                 Conjuration/Poison/Air       3
 G - a book of Cantrips

   Spells                             Type                      Level
   a - Confusing Touch                Hexes                        1
   b - Animate Skeleton               Necromancy                   1
   c - Summon Small Mammal            Summoning                    1
   d - Apportation                    Translocation                1
Comestibles
 f - 12 rations


   Skills:
 + Level 7.4 Fighting
 * Level 9.5 Maces & Flails
 + Level 7.4 Armour
 + Level 7.5 Shields


You had 7 spell levels left.
You knew the following spells:

 Your Spells              Type           Power        Failure   Level  Hunger
a - Magic Dart            Conj           #...         91%         1    ##.....


Dungeon Overview and Level Annotations

Branches:
Dungeon (6/15)
 Temple: D:4-7

Altars:
Hepliaklqana
Qazlal
Ru
Trog


Innate Abilities, Weirdness & Mutations

You reflexively headbutt those who attack you in melee.
You have a pair of horns on your head.


Message History

The electric eel shoots out a bolt of lightning at you!
The bolt of electricity hits you!
The electric eel shoots out a bolt of lightning at you!
The bolt of electricity hits you!
The electric eel shoots out a bolt of lightning at you!
The bolt of electricity hits you!
The electric eel shoots out a bolt of lightning at you!
The bolt of electricity hits you!
* * * LOW HITPOINT WARNING * * *
The bolt of electricity hits you!
* * * LOW HITPOINT WARNING * * *
The bolt of electricity hits the electric eel.
The electric eel completely resists.
You closely miss the electric eel.
The electric eel is lightly wounded.
The electric eel shoots out a bolt of lightning at you!
The bolt of electricity hits you!
* * * LOW HITPOINT WARNING * * *
The bolt of electricity hits you!
You die...

≈.≈###≈.≈###≈.#
≈≈≈≈.≈≈≈≈≈.≈≈≈≈≈.#
.................##
≈≈≈.≈≈≈≈≈.≈≈≈≈≈..#
#≈.≈###≈.≈###≈..### ≈ #≈.≈#
#≈.≈# #≈.....
≈.≈###≈.≈###≈.≈###≈.####
≈≈≈≈.≈≈≈≈;.≈≈≈≈≈.≈≈≈≈≈.#
..........@............#
≈≈≈.≈≈≈≈≈.≈≈≈≈≈.≈≈≈≈≈.#
#≈.≈###≈.≈###≈.≈###≈.# #≈.≈
#≈.≈# #≈.≈# #≈.#
≈###≈.≈###≈.≈###≈.≈###≈.#
≈≈≈≈≈.≈≈≈≈≈.≈≈≈≈≈.≈≈≈≈≈.###
o.........................#
.[.....................[..#
#########################.##


You could see an electric eel.

Vanquished Creatures
  Sigmund (D:3)
  Eustachio (D:6)
  An orc warrior (D:5)
  A centaur (D:6)
  4 ogres
  4 elf zombies (Ossuary)
  A bullfrog (D:6)
  The ghost of Soeti the Ducker, a weakling TrFi (D:3)
  2 scorpions
  An electric eel (D:6)
  A howler monkey (D:3)
  A crimson imp (D:6)
  2 human zombies (Ossuary)
  6 centaur zombies (Ossuary)
  An orc priest (D:6)
  A centaur skeleton (D:6)
  2 orc wizards
  2 iguanas (D:4)
  3 worker ants
  2 hound skeletons
  4 mummies
  A worker ant zombie (D:5)
  Robin (D:2)
  7 gnolls
  4 adders
  2 shadow imps
  2 oozes
  4 worms
  3 dart slugs
  2 leopard geckos (D:1)
  21 orcs
  A ball python (D:4)
  8 giant cockroaches
  4 hobgoblins
  2 jackals (D:5)
  7 kobolds
  A quokka (D:4)
  6 bats
  5 frilled lizards
  17 goblins
  A quokka skeleton (D:5)
  16 rats
157 creatures vanquished.

Notes
Turn   | Place    | Note
-------+----------+-------------------------------------------
     0 | D:1      | tof the Minotaur Fighter began the quest for the Orb.
     0 | D:1      | Reached XP level 1. HP: 19/19 MP: 0/0
   272 | D:1      | Reached XP level 2. HP: 27/27 MP: 1/1
   305 | D:1      | Reached skill level 3 in Maces & Flails
   747 | D:1      | Reached XP level 3. HP: 33/33 MP: 2/2
  1102 | D:2      | Noticed a scorpion
  1108 | D:2      | Killed a scorpion
  1108 | D:2      | Reached skill level 4 in Maces & Flails
  1108 | D:2      | Reached XP level 4. HP: 33/40 MP: 3/3
  1327 | D:2      | Reached XP level 5. HP: 15/47 MP: 4/4
  1647 | D:2      | Found a hazy altar of Hepliaklqana.
  1989 | D:3      | Noticed Soeti's ghost (weakling TrFi)
  2003 | D:3      | Killed Soeti's ghost
  2003 | D:3      | Reached skill level 5 in Maces & Flails
  2313 | D:3      | Noticed Robin
  2320 | D:3      | Reached XP level 6. HP: 24/55 MP: 5/5
  2490 | D:2      | Killed Robin
  2610 | D:3      | Learned a level 1 spell: Magic Dart
  2671 | D:3      | Noticed Sigmund
  2684 | D:3      | Killed Sigmund
  2684 | D:3      | Reached skill level 5 in Fighting
  2684 | D:3      | Reached skill level 5 in Armour
  2684 | D:3      | Reached skill level 5 in Shields
  3388 | D:4      | Found a sand-covered staircase.
  3392 | D:4      | Reached skill level 6 in Maces & Flails
  3396 | Ossuary  | Entered an ossuary
  3439 | Ossuary  | Reached XP level 7. HP: 57/61 MP: 6/6
  3555 | Ossuary  | Reached skill level 7 in Maces & Flails
  3828 | Ossuary  | Reached XP level 8. HP: 38/70 MP: 7/7
  4639 | D:5      | Entered Level 5 of the Dungeon
  4665 | D:5      | Found a stormy altar of Qazlal.
  5185 | D:5      | Noticed a moth of wrath
  5201 | D:5      | Found a bloodstained altar of Trog.
  5445 | D:6      | Reached skill level 8 in Maces & Flails
  6232 | D:5      | Reached skill level 9 in Maces & Flails
  7030 | D:6      | Noticed Eustachio
  7049 | D:6      | Killed Eustachio
  7049 | D:6      | Reached XP level 9. HP: 51/79 MP: 8/8
  7530 | D:6      | Found a sacrificial altar of Ru.
  8235 | D:6      | HP: 3/79 [electric eel/bolt of electricity (7)]
  8235 | D:6      | Killed from afar by an electric eel

Vault maps used:
D:1:      dpeg_arrival_simpleton_a, minmay_tromino_v4_c
D:2:      overflow_temple_1_default
D:3:      uniq_sigmund, uniq_robin
D:4:      first_ration, gup_ossuary_entry_pyramid, dk_vineyard_3,
          minmay_misc_feat_iff
D:5:      tgw_trog, grunt_qazlal_sundering
D:6:      basic_altar, kennysheep_boxes, uniq_eustachio
Ossuary:  ossuary_minmay_four_chambers

Skill      XL: |  1  2  3  4  5  6  7  8 |
---------------+-------------------------+-----
Maces & Flails | 3 4 5 6 7 9 |  9.5
Armour         | 4 5 6 7 |  7.4
Shields        | 4 5 6 7 |  7.5
Fighting       | 4 5 6 7 |  7.4

Action                   |  1- 3 |  4- 6 |  7- 9 || total
-------------------------+-------+-------+-------++-------
Melee: Flail             |   102 |   127 |   299 ||   528
       Headbutt          |     9 |    20 |    61 ||    90
Throw: Javelin           |       |     2 |     7 ||     9
       Tomahawk          |       |       |     2 ||     2
  Use: Scroll            |       |     7 |     1 ||     8
  Eat: Chunk             |       |     8 |    11 ||    19
       Ration            |       |       |     1 ||     1
Armor: Scale mail        |    66 |    20 |       ||    86
       Ring mail         |       |    39 |    58 ||    97
Dodge: Dodged            |    41 |    61 |    58 ||   160
Block: Shield            |    50 |    89 |   120 ||   259

Table legend:
 A = Spawn XP
 B = Non-spawn XP
 C = Spawn XP percentage of total XP
 D = Spawn monster count
 E = Non-spawn monster count
 F = Spawn count percentage of total count
 G = Total turns spent on level
                    A         B        C        D         E        F      G
               +---------+---------+-------+---------+---------+-------+---------
         Total |       0 |    3184 |   0.0 |       0 |     157 |   0.0 |  8235
               +---------+---------+-------+---------+---------+-------+---------
           D:1 |       0 |      43 |   0.0 |       0 |      23 |   0.0 |   931
           D:2 |       0 |     203 |   0.0 |       0 |      24 |   0.0 |  1231
           D:3 |       0 |     393 |   0.0 |       0 |      30 |   0.0 |  1035
           D:4 |       0 |     256 |   0.0 |       0 |      12 |   0.0 |   843
           D:5 |       0 |     275 |   0.0 |       0 |      21 |   0.0 |  1016
           D:6 |       0 |    1244 |   0.0 |       0 |      32 |   0.0 |  2580
       Ossuary |       0 |     770 |   0.0 |       0 |      15 |   0.0 |   599
               +---------+---------+-------+---------+---------+-------+---------
